 Dungeon Crawl Stone Soup version 0.29-a0-1065-g47a6bb87d6 (webtiles) character file.

Game seed: 5012849017157575323

444 SensoryNuts the Ducker (level 6, -5/47 HPs)
             Began as a Demonspawn Gladiator on Aug 18, 2022.
             Killed from afar by an orc wizard (8 damage)
             ... with a magic dart
             ... on level 4 of the Dungeon.
             The game lasted 00:06:07 (4258 turns).

SensoryNuts the Ducker (Demonspawn Gladiator)       Turns: 4258, Time: 00:06:08

Health: -5/47      AC:  6    Str: 14 (17) XL:     6   Next: 72%
Magic:  6/6        EV: 12    Int:  7 (9)  God:
Gold:   98         SH:  4    Dex: 13 (14) Spells: 5/5 levels left

rFire   . . .      SeeInvis .   h - +1 spear (flame)
rCold   . . .      Faith    .   (no shield)
rNeg    . . .      Spirit   .   b - +0 leather armour
rPois   +          Reflect  .   n - +2 hat
rElec   .          Harm     .   (no cloak)
rCorr   .          Rampage  .   (no gloves)
Will    .....                   l - +0 pair of boots
Stlth   ++........              (no amulet)
HPRegen 0.15/turn               (no ring)
MPRegen 0.10/turn               (no ring)

@: no status effects
A: hooves 1, large bone plates 1, foul stench 1, poison resistance
a: no special abilities


You were on level 4 of the Dungeon.
You visited 1 branch of the dungeon, and saw 4 of its levels.

You collected 98 gold pieces.

Inventory:

Hand Weapons
 a - a +0 flail
 h - a +1 spear of flaming (weapon)
Missiles
 d - 4 throwing nets (quivered)
 e - 5 javelins
Armour
 b - a +0 leather armour (worn)
 c - a +0 helmet
 l - a +0 pair of boots (worn)
 n - a +2 hat (worn)
 t - a +1 cloak
Jewellery
 r - an amulet of faith
Wands
 f - a wand of roots (7)
 k - a wand of polymorph (10)
Scrolls
 i - a scroll of noise
 j - a scroll of butterflies
 o - a scroll of teleportation
 q - a scroll of enchant armour
 v - a scroll of magic mapping {unknown}
Potions
 g - a potion of brilliance
 m - a potion of lignification
 p - 2 potions of mutation
 s - 2 potions of haste


   Skills:
 + Level 3.0 Fighting
 + Level 3.3 Maces & Flails
 + Level 3.4 Polearms
 + Level 1.8 Throwing
 + Level 2.3 Armour
 + Level 3.5 Dodging
 + Level 1.5 Stealth
 + Level 1.2 Shields


You had 5 spell levels left.
You didn't know any spells.
Your spell library contained the following spells:

 Spells                   Type           Power      Damage    Failure   Level
 Shock                    Conj/Air       0%         1d3       50%         1
 Swiftness                Air            0%         N/A       86%         3
 Airstrike                Air            0%         2d(0-16)  99%         4
 Hailstorm                Conj/Ice       0%         3d3       99%         4
 Ice Form                 Ice/Tmut       0%         N/A       99%         4
 Simulacrum               Ice/Necr       0%         N/A       100%        6


Dungeon Overview and Level Annotations

Branches:
Dungeon (4/15)
 Temple: D:4-7

Altars:
Dithmenos
Ru
Xom

Annotations:
D:4 5 runed translucent doors, Zonian's ghost, amateur VSIE


Innate Abilities, Weirdness & Mutations

You have large cloven feet.
You are partially covered in large bone plates. (SH +4)
You may rarely emit foul miasma when damaged in melee.
Your system is resistant to poisons. (rPois)


Message History

You emit a cloud of foul miasma!
The orc wizard attacks as you move away!
The orc wizard closely misses you.
The orc is engulfed in dark miasma.
The orc is poisoned.
You kill the orc!
The orc wizard points at you and mumbles some strange words.
The magic dart hits you.
* * * LOW HITPOINT WARNING * * *
The orc wizard closely misses you.
The orc wizard gestures wildly while chanting.
The orc wizard flickers and vanishes!
Deactivating autopickup; reactivate with Ctrl-A.
You bump into the rock wall.
The howler monkey barely misses you.
The orc wizard hits you with a +0 dagger.
* * * LOW HITPOINT WARNING * * *
The orc wizard hits you with a +0 dagger.
* * * LOW HITPOINT WARNING * * *
Unknown command.
You hit the howler monkey. You burn the howler monkey.
The howler monkey is moderately wounded.
The howler monkey hits you.
* * * LOW HITPOINT WARNING * * *
The howler monkey hits you.
* * * LOW HITPOINT WARNING * * *
The orc wizard casts a spell at you. The magic dart hits you.
* * * LOW HITPOINT WARNING * * *
The howler monkey attacks as you move away!
The howler monkey hits you but does no damage.
The orc wizard gestures wildly while chanting.
The orc wizard flickers and vanishes!
It was a potion of degeneration.
There was something very wrong with that liquid.
You feel weakened.
You feel dopey.
You feel clumsy.
You feel less confused. You block the howler monkey's attack.
You hear some strange, mumbled words.
A magic dart appears from out of thin air!
The magic dart hits you!
You die...

############# #...........##
#.....$......##
#.............#
#.............#
###........[....#
####.....o.........# ####
##....#..@{.?.......#
##..####.....####h......>.##
.....##.♣♣..###.....○.....#
.##.......P.....#..........#
..##....#...#####..........#
._.#...###### #..........#
..##...# #.........$#
.##....# #......)...#
.....#.# ♣#♣#♣#♣##........#


You could see a howler monkey and an orc wizard.

Vanquished Creatures
  A black bear (D:4)
  A scorpion (D:4)
  A hound (D:4)
  Ijyb (D:3)
  Natasha (thrice) (D:3)
  2 orc wizards
  An adder (D:4)
  3 worms
  3 dart slugs
  13 orcs
  11 endoplasms
  3 giant cockroaches
  7 hobgoblins
  A jackal (D:1)
  4 kobolds
  3 quokkas
  8 ball pythons
  4 bats
  2 frilled lizards
  6 goblins
  6 rats
84 creatures vanquished.

Vanquished Creatures (others)
  2 plants (D:4)
2 creatures vanquished.

Grand Total: 86 creatures vanquished

Notes
Turn   | Place    | Note
-------+----------+-------------------------------------------
     0 | D:1      | SensoryNuts the Demonspawn Gladiator began the quest for
                  | the Orb.
     0 | D:1      | Reached XP level 1. HP: 16/16 MP: 1/1
   478 | D:1      | Gained mutation: You may rarely emit foul miasma when
                  | damaged in melee. [demonic ancestry]
   478 | D:1      | Reached XP level 2. HP: 22/22 MP: 2/2
  1109 | D:1      | Noticed a floating eye
  1112 | D:1      | Found a faded altar of an unknown god.
  1123 | D:1      | Noticed a shining eye
  1123 | D:1      | Noticed a golden eye
  1123 | D:1      | Noticed an eye of devastation
  1392 | D:2      | Found a sacrificial altar of Ru.
  1422 | D:2      | Gained mutation: You are partially covered in large bone
                  | plates. (SH +4) [demonic ancestry]
  1422 | D:2      | Reached XP level 3. HP: 27/27 MP: 3/3
  1802 | D:2      | Reached skill level 1 in Polearms
  2333 | D:3      | Noticed Natasha
  2337 | D:3      | Killed Natasha
  2338 | D:3      | Reached XP level 4. HP: 34/34 MP: 4/4
  2366 | D:3      | Noticed Ijyb
  2376 | D:3      | Killed Ijyb
  2394 | D:3      | Reached skill level 1 in Armour
  2499 | D:3      | Gained mutation: You have large cloven feet. [demonic
                  | ancestry]
  2499 | D:3      | Reached XP level 5. HP: 24/39 MP: 5/5
  2727 | D:3      | Noticed Natasha
  2736 | D:3      | Killed Natasha
  2898 | D:3      | Found a shimmering altar of Xom.
  2928 | D:3      | Noticed Natasha
  3020 | D:3      | Killed Natasha
  3021 | D:3      | Reached skill level 1 in Stealth
  3628 | D:4      | Noticed a black bear
  3635 | D:3      | Gained mutation: Your system is resistant to poisons.
                  | (rPois) [potion of mutation]
  3642 | D:4      | Killed a black bear
  3643 | D:4      | Reached skill level 1 in Shields
  3643 | D:4      | Reached XP level 6. HP: 42/46 MP: 6/6
  4094 | D:4      | Found a runed translucent gate.
  4095 | D:4      | Found a runed translucent gate.
  4095 | D:4      | Found a runed translucent gate.
  4095 | D:4      | Noticed Zonian's ghost (amateur VSIE)
  4149 | D:4      | Found a large runed translucent door.
  4150 | D:4      | Found a large runed translucent door.
  4198 | D:4      | Found a shadowy altar of Dithmenos.
  4258 | D:4      | Killed from afar by an orc wizard

Illustrated notes

Levels and vault maps discovered:
D:1:      spicycebolla_green_bress_n_ham_2, layout_basic,
          hellmonk_ecumenical_altar_watching_god, minmay_tripent
D:2:      layout_rooms, basic_altar
D:3:      layout_basic, nicolae_overflow_hidden_temple, uniq_natasha, uniq_ijyb
D:4:      layout_rooms, jmf_multi_god_temple2,
          nicolae_dithmenos_through_a_glass_darkly, serial_forest,
          infiniplex_forest_straight_4, infiniplex_forest_clump_tiny,
          infiniplex_forest_corner_2, infiniplex_forest_lined_room_2,
          infiniplex_forest_clump_curved, ebering_ghost_rock_garden

Skill      XL: |  1  2  3  4  5  6 |
---------------+-------------------+-----
Maces & Flails | 3 |  3.3
Dodging        | 3 |  3.5
Polearms       | 1 2 3 |  3.4
Armour         | 1 2 |  2.3
Stealth        | 1 |  1.5
Shields        | 1 |  1.2
Fighting       | 3 |  3.0
Throwing       | |  1.8

Action                   |  1- 3 |  4- 6 || total
-------------------------+-------+-------++-------
Melee: Spear             |   156 |   156 ||   312
       Flail             |     6 |       ||     6
       Punch             |     3 |     1 ||     4
  Use: Scroll            |     6 |     4 ||    10
       Potion            |       |     7 ||     7
 Stab: Sleeping          |     4 |     3 ||     7
Armor: Leather armour    |    36 |    38 ||    74
       Skin              |       |     2 ||     2
Dodge: Dodged            |    66 |    70 ||   136
Block: Other             |    14 |    29 ||    43

Table legend: (Time is in decaauts)
 A = Elapsed time spent in this place.
 B = Non-inter-level travel time spent in this place.
 C = Inter-level travel time spent in this place.
 D = Time resting spent in this place.
 E = Time spent auto-exploring this place.
 F = Levels seen in this place.
 G = Mean time per level.
                   A        B        C        D        E       F      G
               +--------+--------+--------+--------+--------+-----+--------+
         Total |   4255 |   4139 |    116 |    665 |   2773 |   4 | 1063.8 |
       Dungeon |   4255 |   4139 |    116 |    665 |   2773 |   4 | 1063.8 |
               +--------+--------+--------+--------+--------+-----+--------+

Top non-repeatable levels by time:
     D:3: 1539 daAuts
     D:1: 1353 daAuts
     D:2: 758 daAuts
     D:4: 603 daAuts
